Blackhawks vs Blue Jackets
(R1)
Created - 5 mai 2015 at 19:33
Goals
|
Blackhawks |
1 |
0 |
0 |
1 |
Blue Jackets |
1 |
2 |
2 |
5 |
|
Shots
|
Blackhawks |
11 |
14 |
8 |
33 |
Blue Jackets |
13 |
5 |
16 |
34 |
|
1st period
1. Blackhawks , Dominic Moore 6 (Sheldon Keefe, Chris Higgins) at 11:45
2. Blue Jackets , Ramzi Abid 4 (Jan Bulis) at 19:14 (PP)
Penalties :
Robert Nilsson (Chi) for Boarding (Minor) at 4:49, Patric Hornqvist (Clb) for Hooking (Minor) at 15:08, Chris Campoli (Chi) for Slashing (Minor) at 18:03
2nd period
3. Blue Jackets , David Booth 10 (Marc Savard) at 0:04
4. Blue Jackets , David Booth 11 (Marc Savard) at 3:12 (SH)
Penalties :
Kevin Bieksa (Clb) for Charging (Minor) at 0:53, Chris Kelly (Clb) for Hooking (Minor) at 1:33, Marcus Nilson (Clb) for Tripping (Minor) at 4:04, Brad Stuart (Clb) for Hooking (Minor) at 6:30, Marc Savard (Clb) for Holding Stick (Minor) at 7:32, Dave Steckel (Clb) for Tripping (Minor) at 11:28, Jason Ward (Clb) for Tripping (Minor) at 18:31
3rd period
5. Blue Jackets , Patric Hornqvist 7 (David Booth, Marc Savard) at 2:05
6. Blue Jackets , Kevin Bieksa 2 (Adam Deadmarsh, Jan Bulis) at 11:22 (PP)
Penalties :
Sheldon Keefe (Chi) for Holding (Minor) at 5:37, Marcus Nilson (Clb) for Hooking (Minor) at 8:05, George Parros (Chi) for Boarding (Minor) at 10:49, Branislav Mezei (Clb) for Interference (Minor) at 13:04
Goalie Stats
Jocelyn Thibault (Chi), 14 saves from 15 shots - (0,933), 17:55 minutes
Roberto Luongo (Chi), 15 saves from 19 shots - (0,789), L, 7-5-0, 42:05 minutes
Rick DiPietro (Clb), 32 saves from 33 shots - (0,970), W, 10-3-2, 60:00 minutes
Players Stats for Blackhawks
Player Name G A P +/- PIM S H SB GA TA FO MP PP MP PK MP
------------------------------------------------------------------------------------
Chris Campoli 0 0 0 0 2 2 2 1 0 0 0/0 20:43 7:17 1:16
Chris Higgins 0 1 1 0 0 2 3 0 1 0 1/1 17:08 7:34 0:29
Daniel Carcillo 0 0 0 0 0 3 2 0 1 0 0/1 6:31 0:00 0:00
Dominic Moore 1 0 1 0 0 4 0 2 1 0 4/14 12:34 0:00 3:40
George Parros 0 0 0 0 2 2 1 0 0 0 1/2 9:17 0:00 0:00
Henrik Zetterberg 0 0 0 -1 0 3 0 0 0 1 1/1 19:20 10:00 0:00
Jamie Langenbrunner 0 0 0 -1 0 1 4 3 2 0 0/1 23:34 7:34 3:40
Jeff Schultz 0 0 0 0 0 1 3 1 0 0 0/0 16:17 0:00 3:49
John Carlson 0 0 0 -1 0 1 0 0 0 0 0/0 19:46 10:17 0:00
Johnny Oduya 0 0 0 -2 0 2 1 1 0 0 0/0 28:22 10:17 1:53
Kris Versteeg 0 0 0 -2 0 2 0 0 2 1 0/0 22:21 10:00 0:39
Niclas Wallin 0 0 0 0 0 0 0 0 0 0 0/0 8:55 0:00 0:37
Oleg Kvasha 0 0 0 0 0 3 1 0 0 0 2/2 6:35 0:00 0:17
Robert Nilsson 0 0 0 -2 2 5 1 0 2 0 17/37 21:42 10:00 0:00
Scott Gomez 0 0 0 0 0 0 2 0 1 0 3/11 18:57 7:34 1:33
Sheldon Keefe 0 1 1 0 2 0 0 0 0 0 0/0 9:58 0:00 1:06
Steve Bernier 0 0 0 0 0 1 1 0 1 0 0/0 6:18 0:00 0:00
Steve McCarthy 0 0 0 -1 0 1 2 0 0 0 0/0 25:56 7:17 3:49
Players Stats for Blue Jackets
Player Name G A P +/- PIM S H SB GA TA FO MP PP MP PK MP
------------------------------------------------------------------------------------
Adam Deadmarsh 0 1 1 -1 0 0 2 0 0 0 0/1 11:31 2:27 0:00
Andrew Gordon 0 0 0 0 0 0 1 0 0 0 0/0 4:45 0:00 0:00
Brad Stuart 0 0 0 0 2 3 0 0 0 0 0/0 8:57 0:00 0:29
Branislav Mezei 0 0 0 2 2 4 3 0 0 3 0/0 27:45 3:20 9:25
Chris Kelly 0 0 0 0 2 1 1 0 1 0 9/11 16:35 0:00 5:25
Dave Steckel 0 0 0 0 2 2 0 0 0 0 1/2 5:44 0:00 0:23
David Booth 2 1 3 3 0 4 2 0 0 2 0/2 23:58 3:15 9:13
François Beauchemin 0 0 0 0 0 2 0 2 0 2 0/0 22:29 2:22 6:44
Jan Bulis 0 2 2 -1 0 2 4 0 0 0 4/8 18:04 2:27 4:32
Jason Ward 0 0 0 0 2 2 0 1 0 1 3/6 12:58 0:00 2:51
Jeff Taffe 0 0 0 0 0 0 1 0 0 0 0/0 6:31 0:00 1:23
Kevin Bieksa 1 0 1 0 2 2 0 1 0 0 0/0 21:37 2:22 5:53
Marc Savard 0 3 3 3 2 1 2 0 0 2 23/38 23:38 3:15 8:51
Marcus Nilson 0 0 0 0 4 3 1 0 0 0 0/0 9:11 0:00 0:00
Mike Commodore 0 0 0 0 0 0 0 0 0 0 0/0 10:32 0:00 2:03
Patric Hornqvist 1 0 1 2 2 4 1 0 0 0 1/2 15:16 3:15 0:00
Ramzi Abid 1 0 1 -1 0 3 2 1 1 0 0/0 11:31 2:27 0:00
Wade Redden 0 0 0 2 0 1 2 0 0 1 0/0 28:58 3:20 10:46
3 Stars
1 - David Booth (Clb)
2 - Marc Savard (Clb)
3 - Rick DiPietro (Clb)
Power Play
Blackhawks - 0 on 10 Attempt(s) - 0,00%
Blue Jackets - 2 on 4 Attempt(s) - 50,00%
Penalty Kill
Blackhawks - 2 on 4 Attempt(s) - 50,00%
- Score 0 goal in Penalty Kill
Blue Jackets - 10 on 10 Attempt(s) - 100,00%
- Score 1 goal in Penalty Kill
Team Stat
Blackhawks - Hits : 23 - Faceoff Wins : 29 - Blocked Shots : 8 - Penalty Minutes : 8
Blue Jackets - Hits : 22 - Faceoff Wins : 41 - Blocked Shots : 5 - Penalty Minutes : 20
Official
Referees : StLaurent Francois and Kowal Tom
Linesman : Brad Lazarowich and Bryan Pancich
Game Notes
Jocelyn Thibault enters game at 2:05 of 3rd period
Finance
Level 1 -- Attendance: 6000 (100,00%) -- Ticket Income 540 000 $
Level 2 -- Attendance: 5000 (100,00%) -- Ticket Income 275 000 $
Level 3 -- Attendance: 2000 (100,00%) -- Ticket Income 60 000 $
Level 4 -- Attendance: 4000 (100,00%) -- Ticket Income 80 000 $
Luxury Box -- Attendance: 1000 (100,00%) -- Ticket Income 185 000 $
Game was played at the Ohio State Arena'
Total Attendance: 18000 (100,00%)
Total Ticket Income: 1 140 000 $
Other Income: 171 000 $
Total Income: 1 311 000 $
Blackhawks
5 vs 5 Forward
Center Left Wing Right Wing Time % Phy DF OF
1 Robert Nilsson Kris Versteeg Jamie Langenbrunner 40 1 2 2
2 Scott Gomez Henrik Zetterberg George Parros 30 1 2 2
3 Dominic Moore Chris Higgins Sheldon Keefe 20 1 2 2
4 Oleg Kvasha Daniel Carcillo Steve Bernier 10 1 2 2
5 vs 5 Defense
Defense Defense Time % Phy DF OF
1 Johnny Oduya Steve McCarthy 40 1 2 2
2 Jeff Schultz Chris Campoli 30 1 2 2
3 John Carlson Niclas Wallin 20 1 2 2
4 Johnny Oduya Steve McCarthy 10 1 2 2
PowerPlay Forward
Center Left Wing Right Wing Time % Phy DF OF
1 Robert Nilsson Henrik Zetterberg Kris Versteeg 60 1 2 2
2 Scott Gomez Chris Higgins Jamie Langenbrunner 40 1 2 2
PowerPlay Defense
Defense Defense Time % Phy DF OF
1 Johnny Oduya John Carlson 60 1 2 2
2 Steve McCarthy Chris Campoli 40 1 2 2
Penalty Kill 4 Players Forward
Center Wing Time % Phy DF OF
1 Dominic Moore Jamie Langenbrunner 60 1 2 2
2 Scott Gomez Sheldon Keefe 40 1 2 2
Penalty Kill 4 Players Defense
Defense Defense Time % Phy DF OF
1 Jeff Schultz Steve McCarthy 60 1 2 2
2 Johnny Oduya Chris Campoli 40 1 2 2
Penalty Kill - 3 Players Forward
Forward Time % Phy DF OF
1 Henrik Zetterberg 60 1 2 2
2 Robert Nilsson 40 1 2 2
Penalty Kill - 3 Players Defense
Defense Defense Time % Phy DF OF
1 Johnny Oduya Steve McCarthy 60 1 2 2
2 Jeff Schultz Chris Campoli 40 1 2 2
4 vs 4 Forward
Center Wing Time % Phy DF OF
1 Robert Nilsson Henrik Zetterberg 60 1 2 2
2 Scott Gomez Kris Versteeg 40 1 2 2
4 vs 4 Defense
Defense Defense Time % Phy DF OF
1 Johnny Oduya Steve McCarthy 60 1 2 2
2 Jeff Schultz Chris Campoli 40 1 2 2
Last Minutes Offensive
Center Left Wing Right Wing Defense Defense
Robert Nilsson Henrik Zetterberg Kris Versteeg Johnny Oduya Steve McCarthy
Last Minutes Defensive
Center Left Wing Right Wing Defense Defense
Robert Nilsson Kris Versteeg Jamie Langenbrunner Jeff Schultz Steve McCarthy
Goaltenders
Starting : Roberto Luongo
Backup : Jocelyn Thibault
Extra Forwards
Normal : Dominic Moore, Chris Higgins, Daniel Carcillo - PP : Dominic Moore, Chris Higgins - PK : Kris Versteeg
Extra Defensemen
Normal : John Carlson, Niclas Wallin, Jeff Schultz - PP : John Carlson - PK : Niclas Wallin, Jeff Schultz
Penalty Shots
Henrik Zetterberg, Robert Nilsson, Kris Versteeg, George Parros, Scott Gomez
Blue Jackets
5 vs 5 Forward
Center Left Wing Right Wing Time % Phy DF OF
1 Marc Savard David Booth Patric Hornqvist 40 1 2 2
2 Jan Bulis Ramzi Abid Adam Deadmarsh 25 1 2 2
3 Chris Kelly Marcus Nilson Jason Ward 25 1 2 2
4 Dave Steckel Jeff Taffe Andrew Gordon 10 1 2 2
5 vs 5 Defense
Defense Defense Time % Phy DF OF
1 Branislav Mezei Wade Redden 40 1 2 2
2 Kevin Bieksa François Beauchemin 30 1 2 2
3 Brad Stuart Mike Commodore 20 1 2 2
4 Branislav Mezei Wade Redden 10 1 2 2
PowerPlay Forward
Center Left Wing Right Wing Time % Phy DF OF
1 Marc Savard David Booth Patric Hornqvist 60 1 2 2
2 Jan Bulis Ramzi Abid Adam Deadmarsh 40 1 2 2
PowerPlay Defense
Defense Defense Time % Phy DF OF
1 Branislav Mezei Wade Redden 60 1 2 2
2 Kevin Bieksa François Beauchemin 40 1 2 2
Penalty Kill 4 Players Forward
Center Wing Time % Phy DF OF
1 Marc Savard David Booth 60 1 2 2
2 Jan Bulis Chris Kelly 40 1 2 2
Penalty Kill 4 Players Defense
Defense Defense Time % Phy DF OF
1 Branislav Mezei Wade Redden 60 1 2 2
2 Kevin Bieksa François Beauchemin 40 1 2 2
Penalty Kill - 3 Players Forward
Forward Time % Phy DF OF
1 Marc Savard 60 1 2 2
2 David Booth 40 1 2 2
Penalty Kill - 3 Players Defense
Defense Defense Time % Phy DF OF
1 Branislav Mezei Wade Redden 60 1 2 2
2 Kevin Bieksa François Beauchemin 40 1 2 2
4 vs 4 Forward
Center Wing Time % Phy DF OF
1 Marc Savard David Booth 60 1 2 2
2 Jan Bulis Chris Kelly 40 1 2 2
4 vs 4 Defense
Defense Defense Time % Phy DF OF
1 Branislav Mezei Wade Redden 60 1 2 2
2 Kevin Bieksa François Beauchemin 40 1 2 2
Last Minutes Offensive
Center Left Wing Right Wing Defense Defense
Marc Savard David Booth Patric Hornqvist Branislav Mezei Wade Redden
Last Minutes Defensive
Center Left Wing Right Wing Defense Defense
Marc Savard David Booth Patric Hornqvist Branislav Mezei Wade Redden
Goaltenders
Starting : Rick DiPietro
Backup : Mathieu Garon
Extra Forwards
Normal : Marcus Nilson, Jeff Taffe, Jason Ward - PP : Marcus Nilson, Jeff Taffe - PK : Jason Ward
Extra Defensemen
Normal : Brad Stuart, Mike Commodore, Kevin Bieksa - PP : Brad Stuart - PK : Mike Commodore, Kevin Bieksa
Penalty Shots
Marc Savard, David Booth, Jan Bulis, Chris Kelly, Patric Hornqvist
% Time on Ice - Blackhawks
Lines # - Real PCT - Wanted PCT - Time Play
Normal Forward
1 - 32% - 40% - 11:50
2 - 27% - 30% - 9:50
3 - 24% - 20% - 8:46
4 - 17% - 10% - 6:18
Normal Defense
1 - 42% - 40% - 15:20
2 - 33% - 30% - 12:08
3 - 23% - 20% - 8:18
4 - 3% - 10% - 0:58
PP Forward
1 - 57% - 60% - 10:00
2 - 43% - 40% - 7:34
PP Defense
1 - 59% - 60% - 10:17
2 - 41% - 40% - 7:17
PK Forward
1 - 73% - 60% - 4:09
2 - 27% - 40% - 1:33
PK Defense
1 - 67% - 60% - 3:49
2 - 33% - 40% - 1:53
PK3 Forward
1 - 0% - 60%
2 - 0% - 40%
PK3 Defense
1 - 0% - 60%
2 - 0% - 40%
44 Forward
1 - 0% - 60%
2 - 0% - 40%
44 Defense
1 - 0% - 60%
2 - 0% - 40%
Last Minute Offensive - 0:00
Last Minute Defensive - 0:00
Total
Forward - 60:00
Defense - 60:00
|
% Time on Ice - Blue Jackets
Lines # - Real PCT - Wanted PCT - Time Play
Normal Forward
1 - 32% - 40% - 11:53
2 - 30% - 25% - 11:08
3 - 24% - 25% - 8:58
4 - 13% - 10% - 4:45
Normal Defense
1 - 40% - 40% - 14:36
2 - 36% - 30% - 13:23
3 - 23% - 20% - 8:20
4 - 1% - 10% - 0:25
PP Forward
1 - 57% - 60% - 3:15
2 - 43% - 40% - 2:27
PP Defense
1 - 58% - 60% - 3:20
2 - 42% - 40% - 2:22
PK Forward
1 - 70% - 60% - 10:46
2 - 30% - 40% - 4:32
PK Defense
1 - 62% - 60% - 9:31
2 - 38% - 40% - 5:47
PK3 Forward
1 - 88% - 60% - 1:59
2 - 13% - 40% - 0:17
PK3 Defense
1 - 58% - 60% - 1:19
2 - 42% - 40% - 0:57
44 Forward
1 - 0% - 60%
2 - 0% - 40%
44 Defense
1 - 0% - 60%
2 - 0% - 40%
Last Minute Offensive - 0:00
Last Minute Defensive - 0:00
Total
Forward - 60:00
Defense - 60:00
|
Play by Play
1st period
0:01 of 1st period - Marc Savard wins face-off versus Robert Nilsson in neutral zone.
0:26 of 1st period - Henrik Zetterberg is hit by Ramzi Abid and loses puck.
0:45 of 1st period - Slapshot by Jason Ward.
0:45 of 1st period - Deflect By Chris Kelly.
0:45 of 1st period - Shot Misses the Net.
0:45 of 1st period - Puck is out of play.
0:46 of 1st period - Chris Kelly wins face-off versus Dominic Moore in Blackhawks zone.
0:53 of 1st period - Wrist shot by Chris Higgins.
0:53 of 1st period - Shot Misses the Net.
1:11 of 1st period - Andrew Gordon is hit by Oleg Kvasha and loses puck.
1:22 of 1st period - Snap shot by Daniel Carcillo.
1:22 of 1st period - Shot Misses the Net.
3:00 of 1st period - Off-side.
3:01 of 1st period - Marc Savard wins face-off versus Scott Gomez in neutral zone.
3:04 of 1st period - Niclas Wallin is hit by Wade Redden and loses puck.
3:13 of 1st period - Snap shot by Marc Savard.
3:13 of 1st period - Shot Misses the Net.
3:15 of 1st period - Wrist shot by Branislav Mezei.
3:15 of 1st period - Stopped by Roberto Luongo without a rebound.
3:16 of 1st period - Chris Kelly wins face-off versus Robert Nilsson in Blackhawks zone.
3:28 of 1st period - Off-side.
3:29 of 1st period - Robert Nilsson wins face-off versus Marc Savard in neutral zone.
3:32 of 1st period - Slapshot by Kris Versteeg.
3:32 of 1st period - Shot Misses the Net.
3:58 of 1st period - Off-side.
3:59 of 1st period - Chris Kelly wins face-off versus Scott Gomez in neutral zone.
4:16 of 1st period - Snap shot by Scott Gomez.
4:16 of 1st period - Shot Blocked by François Beauchemin.
4:18 of 1st period - Slapshot by Chris Campoli.
4:18 of 1st period - Stopped by Rick DiPietro with a rebound.
4:20 of 1st period - Slapshot by Chris Campoli.
4:20 of 1st period - Stopped by Rick DiPietro with a rebound.
4:22 of 1st period - Slapshot by Jeff Schultz.
4:22 of 1st period - Deflect By George Parros.
4:22 of 1st period - Stopped by Rick DiPietro with a rebound.
4:24 of 1st period - Slapshot by Johnny Oduya.
4:24 of 1st period - Deflect By Henrik Zetterberg.
4:24 of 1st period - Stopped by Rick DiPietro with a rebound.
4:30 of 1st period - Snap shot by George Parros.
4:30 of 1st period - Stopped by Rick DiPietro without a rebound.
4:31 of 1st period - Robert Nilsson wins face-off versus David Booth in Blue Jackets zone.
4:49 of 1st period - Minor Penalty to Robert Nilsson for Boarding.
4:50 of 1st period - Dominic Moore wins face-off versus Marc Savard in Blackhawks zone.
4:56 of 1st period - Slapshot by Patric Hornqvist.
4:56 of 1st period - Stopped by Roberto Luongo with a rebound.
6:10 of 1st period - Icing by Branislav Mezei.
6:11 of 1st period - Jan Bulis wins face-off versus Dominic Moore in Blue Jackets zone.
6:24 of 1st period - François Beauchemin is hit by Jeff Schultz and loses puck.
6:33 of 1st period - Steve McCarthy is hit by Patric Hornqvist and loses puck.
6:49 of 1st period - Penalty to Robert Nilsson is over, Robert Nilsson is back on ice.
8:25 of 1st period - Off-side.
8:26 of 1st period - Dave Steckel wins face-off versus Scott Gomez in neutral zone.
8:58 of 1st period - Wrist shot by Marc Savard.
8:58 of 1st period - Shot Misses the Net.
9:00 of 1st period - Snap shot by Brad Stuart.
9:00 of 1st period - Stopped by Roberto Luongo without a rebound.
9:01 of 1st period - Chris Higgins wins face-off versus Marc Savard in Blackhawks zone.
9:16 of 1st period - Slapshot by Wade Redden.
9:16 of 1st period - Deflect By Patric Hornqvist.
9:16 of 1st period - Shot Blocked by Dominic Moore.
9:16 of 1st period - Puck is out of play.
9:17 of 1st period - Jan Bulis wins face-off versus Robert Nilsson in Blackhawks zone.
9:30 of 1st period - Wrist shot by Jan Bulis.
9:30 of 1st period - Stopped by Roberto Luongo without a rebound.
9:31 of 1st period - Robert Nilsson wins face-off versus Marc Savard in Blackhawks zone.
9:49 of 1st period - Icing by Wade Redden.
9:50 of 1st period - Marc Savard wins face-off versus Scott Gomez in Blue Jackets zone.
10:05 of 1st period - Snap shot by David Booth.
10:05 of 1st period - Shot Blocked by Chris Campoli.
10:13 of 1st period - Snap shot by Patric Hornqvist.
10:13 of 1st period - Shot Misses the Net.
10:51 of 1st period - Snap shot by Marcus Nilson.
10:51 of 1st period - Stopped by Roberto Luongo without a rebound.
10:52 of 1st period - Robert Nilsson wins face-off versus Adam Deadmarsh in Blackhawks zone.
11:05 of 1st period - Wrist shot by Robert Nilsson.
11:05 of 1st period - Stopped by Rick DiPietro without a rebound.
11:06 of 1st period - Chris Kelly wins face-off versus Scott Gomez in Blue Jackets zone.
11:32 of 1st period - Ramzi Abid is hit by Steve McCarthy and loses puck.
11:43 of 1st period - Snap shot by Sheldon Keefe.
11:43 of 1st period - Shot Misses the Net.
11:45 of 1st period - Snap shot by Dominic Moore.
11:45 of 1st period - Goal by Dominic Moore - Blackhawks : 1 - Blue Jackets : 0.
11:46 of 1st period - Marc Savard wins face-off versus Robert Nilsson in neutral zone.
12:11 of 1st period - Steve McCarthy is hit by Branislav Mezei and loses puck.
12:18 of 1st period - Wade Redden is hit by Jamie Langenbrunner and loses puck.
13:20 of 1st period - Wrist shot by Robert Nilsson.
13:20 of 1st period - Stopped by Rick DiPietro without a rebound.
13:21 of 1st period - George Parros wins face-off versus Marc Savard in Blue Jackets zone.
13:46 of 1st period - Johnny Oduya is hit by Jan Bulis and loses puck.
14:17 of 1st period - Slapshot by Dave Steckel.
14:17 of 1st period - Shot Misses the Net.
14:31 of 1st period - Snap shot by Marc Savard.
14:31 of 1st period - Shot Blocked by Johnny Oduya.
14:33 of 1st period - Snap shot by Patric Hornqvist.
14:33 of 1st period - Shot Misses the Net.
14:46 of 1st period - Icing by Scott Gomez.
14:47 of 1st period - Dominic Moore wins face-off versus Jan Bulis in Blackhawks zone.
14:47 of 1st period - Dominic Moore is hit by Branislav Mezei.
14:57 of 1st period - Snap shot by Chris Higgins.
14:57 of 1st period - Shot Misses the Net.
14:59 of 1st period - Slapshot by Dominic Moore.
14:59 of 1st period - Stopped by Rick DiPietro with a rebound.
15:03 of 1st period - Slapshot by Dominic Moore.
15:03 of 1st period - Stopped by Rick DiPietro with a rebound.
15:08 of 1st period - Minor Penalty to Patric Hornqvist for Hooking.
15:09 of 1st period - Marc Savard wins face-off versus Robert Nilsson in Blue Jackets zone.
17:08 of 1st period - Penalty to Patric Hornqvist is over, Patric Hornqvist is back on ice.
17:16 of 1st period - Snap shot by Daniel Carcillo.
17:16 of 1st period - Stopped by Rick DiPietro with a rebound.
17:57 of 1st period - Wrist shot by Dave Steckel.
17:57 of 1st period - Stopped by Roberto Luongo with a rebound.
18:03 of 1st period - Minor Penalty to Chris Campoli for Slashing.
18:04 of 1st period - Dominic Moore wins face-off versus Marc Savard in Blackhawks zone.
18:33 of 1st period - Backhand shot by Wade Redden.
18:33 of 1st period - Deflect By Dominic Moore.
18:33 of 1st period - Stopped by Roberto Luongo with a rebound.
18:35 of 1st period - Wrist shot by Branislav Mezei.
18:35 of 1st period - Stopped by Roberto Luongo with a rebound.
18:37 of 1st period - Slapshot by Branislav Mezei.
18:37 of 1st period - Stopped by Roberto Luongo without a rebound.
18:38 of 1st period - Patric Hornqvist wins face-off versus Dominic Moore in Blackhawks zone.
18:43 of 1st period - Backhand shot by Patric Hornqvist.
18:43 of 1st period - Stopped by Roberto Luongo with a rebound.
18:55 of 1st period - Sheldon Keefe is hit by David Booth and loses puck.
19:14 of 1st period - Snap shot by Ramzi Abid.
19:14 of 1st period - Goal by Ramzi Abid - Blackhawks : 1 - Blue Jackets : 1.
19:15 of 1st period - Marc Savard wins face-off versus Scott Gomez in neutral zone.
19:30 of 1st period - Patric Hornqvist is hit by Scott Gomez and loses puck.
19:45 of 1st period - Slapshot by Branislav Mezei.
19:45 of 1st period - Deflect By Jason Ward.
19:45 of 1st period - Stopped by Roberto Luongo without a rebound.
19:46 of 1st period - Robert Nilsson wins face-off versus Chris Kelly in Blackhawks zone.
19:51 of 1st period - François Beauchemin is hit by Jamie Langenbrunner.
19:55 of 1st period - Slapshot by Marcus Nilson.
19:55 of 1st period - Stopped by Roberto Luongo with a rebound.
19:57 of 1st period - Snap shot by Chris Kelly.
19:57 of 1st period - Deflect By Marcus Nilson.
19:57 of 1st period - Shot Misses the Net.
19:57 of 1st period - Puck is out of play.
19:58 of 1st period - Marc Savard wins face-off versus Robert Nilsson in Blackhawks zone.
Goals for this period are 1 for Blackhawks vs 1 for Blue Jackets.
Shots for this period are 11 for Blackhawks vs 13 for Blue Jackets.
2nd period
0:01 of 2nd period - Marc Savard wins face-off versus Robert Nilsson in neutral zone.
0:04 of 2nd period - Snap shot by David Booth.
0:04 of 2nd period - Goal by David Booth - Blackhawks : 1 - Blue Jackets : 2.
0:05 of 2nd period - Robert Nilsson wins face-off versus Marc Savard in neutral zone.
0:10 of 2nd period - Snap shot by Kris Versteeg.
0:10 of 2nd period - Stopped by Rick DiPietro with a rebound.
0:32 of 2nd period - Wade Redden is hit by George Parros and loses puck.
0:39 of 2nd period - Steve McCarthy is hit by Jan Bulis and loses puck.
0:50 of 2nd period - Slapshot by Steve McCarthy.
0:50 of 2nd period - Stopped by Rick DiPietro without a rebound.
0:51 of 2nd period - Chris Kelly wins face-off versus Dominic Moore in Blue Jackets zone.
0:53 of 2nd period - Minor Penalty to Kevin Bieksa for Charging.
0:54 of 2nd period - Marc Savard wins face-off versus Robert Nilsson in Blue Jackets zone.
1:33 of 2nd period - Minor Penalty to Chris Kelly for Hooking.
1:34 of 2nd period - Henrik Zetterberg wins face-off versus Marc Savard in Blue Jackets zone.
2:26 of 2nd period - François Beauchemin is hit by Robert Nilsson and loses puck.
2:53 of 2nd period - Penalty to Kevin Bieksa is over, Kevin Bieksa is back on ice.
3:10 of 2nd period - Snap shot by David Booth.
3:10 of 2nd period - Stopped by Roberto Luongo without a rebound.
3:11 of 2nd period - Marc Savard wins face-off versus Robert Nilsson in Blackhawks zone.
3:12 of 2nd period - Slapshot by David Booth.
3:12 of 2nd period - Deflect By Robert Nilsson.
3:12 of 2nd period - Goal by David Booth - Blackhawks : 1 - Blue Jackets : 3.
3:13 of 2nd period - Marc Savard wins face-off versus Robert Nilsson in neutral zone.
3:30 of 2nd period - Wrist shot by Henrik Zetterberg.
3:30 of 2nd period - Stopped by Rick DiPietro with a rebound.
3:33 of 2nd period - Penalty to Chris Kelly is over, Chris Kelly is back on ice.
3:47 of 2nd period - Wrist shot by Ramzi Abid.
3:47 of 2nd period - Shot Blocked by Dominic Moore.
4:04 of 2nd period - Minor Penalty to Marcus Nilson for Tripping.
4:05 of 2nd period - Marc Savard wins face-off versus Robert Nilsson in Blue Jackets zone.
5:54 of 2nd period - Robert Nilsson is hit by Jan Bulis and loses puck.
6:04 of 2nd period - Penalty to Marcus Nilson is over, Marcus Nilson is back on ice.
6:30 of 2nd period - Minor Penalty to Brad Stuart for Hooking.
6:31 of 2nd period - Scott Gomez wins face-off versus Marc Savard in Blue Jackets zone.
6:41 of 2nd period - Slapshot by Jamie Langenbrunner.
6:41 of 2nd period - Stopped by Rick DiPietro without a rebound.
6:42 of 2nd period - Marc Savard wins face-off versus Robert Nilsson in Blue Jackets zone.
7:13 of 2nd period - Chris Kelly is hit by Chris Campoli and loses puck.
7:32 of 2nd period - Minor Penalty to Marc Savard for Holding Stick.
7:33 of 2nd period - Jason Ward wins face-off versus Robert Nilsson in Blue Jackets zone.
7:38 of 2nd period - Slapshot by Kevin Bieksa.
7:38 of 2nd period - Stopped by Roberto Luongo without a rebound.
7:39 of 2nd period - Jason Ward wins face-off versus Robert Nilsson in Blackhawks zone.
7:50 of 2nd period - Wrist shot by Henrik Zetterberg.
7:50 of 2nd period - Stopped by Rick DiPietro without a rebound.
7:51 of 2nd period - Robert Nilsson wins face-off versus Jason Ward in Blue Jackets zone.
7:54 of 2nd period - Wrist shot by Robert Nilsson.
7:54 of 2nd period - Stopped by Rick DiPietro without a rebound.
7:55 of 2nd period - Robert Nilsson wins face-off versus Jason Ward in Blue Jackets zone.
8:01 of 2nd period - Slapshot by Johnny Oduya.
8:01 of 2nd period - Shot Blocked by Jason Ward.
8:30 of 2nd period - Penalty to Brad Stuart is over, Brad Stuart is back on ice.
9:32 of 2nd period - Penalty to Marc Savard is over, Marc Savard is back on ice.
9:41 of 2nd period - Jan Bulis is hit by Daniel Carcillo and loses puck.
9:47 of 2nd period - Icing by Jan Bulis.
9:48 of 2nd period - Oleg Kvasha wins face-off versus Jan Bulis in Blue Jackets zone.
9:49 of 2nd period - Wrist shot by Daniel Carcillo.
9:49 of 2nd period - Stopped by Rick DiPietro with a rebound.
9:57 of 2nd period - Snap shot by Steve Bernier.
9:57 of 2nd period - Stopped by Rick DiPietro without a rebound.
9:58 of 2nd period - Marc Savard wins face-off versus Daniel Carcillo in Blue Jackets zone.
10:03 of 2nd period - Marc Savard is hit by Daniel Carcillo and loses puck.
10:35 of 2nd period - Snap shot by Marcus Nilson.
10:35 of 2nd period - Shot Blocked by Jamie Langenbrunner.
10:55 of 2nd period - Scott Gomez is hit by Ramzi Abid and loses puck.
11:08 of 2nd period - Jeff Taffe is hit by Chris Higgins and loses puck.
11:28 of 2nd period - Minor Penalty to Dave Steckel for Tripping.
11:29 of 2nd period - Marc Savard wins face-off versus Robert Nilsson in Blue Jackets zone.
11:54 of 2nd period - Wade Redden is hit by Scott Gomez and loses puck.
12:47 of 2nd period - Off-side.
12:48 of 2nd period - Robert Nilsson wins face-off versus Jason Ward in neutral zone.
12:59 of 2nd period - Wrist shot by Robert Nilsson.
12:59 of 2nd period - Stopped by Rick DiPietro with a rebound.
13:01 of 2nd period - Slapshot by John Carlson.
13:01 of 2nd period - Deflect By François Beauchemin.
13:01 of 2nd period - Stopped by Rick DiPietro without a rebound.
13:02 of 2nd period - Robert Nilsson wins face-off versus David Booth in Blue Jackets zone.
13:28 of 2nd period - Penalty to Dave Steckel is over, Dave Steckel is back on ice.
14:02 of 2nd period - Slapshot by Daniel Carcillo.
14:02 of 2nd period - Stopped by Rick DiPietro without a rebound.
14:03 of 2nd period - Marc Savard wins face-off versus Robert Nilsson in Blue Jackets zone.
14:03 of 2nd period - Marc Savard is hit by Jamie Langenbrunner.
14:11 of 2nd period - Wrist shot by Robert Nilsson.
14:11 of 2nd period - Shot Misses the Net.
14:13 of 2nd period - Wrist shot by Robert Nilsson.
14:13 of 2nd period - Deflect By David Booth.
14:13 of 2nd period - Stopped by Rick DiPietro with a rebound.
14:15 of 2nd period - Wrist shot by Jeff Schultz.
14:15 of 2nd period - Shot Misses the Net.
14:54 of 2nd period - Johnny Oduya is hit by Andrew Gordon and loses puck.
15:09 of 2nd period - Slapshot by David Booth.
15:09 of 2nd period - Shot Misses the Net.
15:13 of 2nd period - Slapshot by David Booth.
15:13 of 2nd period - Shot Blocked by Jamie Langenbrunner.
15:15 of 2nd period - Snap shot by François Beauchemin.
15:15 of 2nd period - Stopped by Roberto Luongo without a rebound.
15:16 of 2nd period - Jason Ward wins face-off versus Robert Nilsson in Blackhawks zone.
15:17 of 2nd period - Wrist shot by Marcus Nilson.
15:17 of 2nd period - Shot Misses the Net.
16:08 of 2nd period - Branislav Mezei is hit by Jeff Schultz and loses puck.
16:28 of 2nd period - Branislav Mezei is hit by Chris Campoli.
16:38 of 2nd period - Jeff Schultz is hit by Adam Deadmarsh and loses puck.
16:51 of 2nd period - Snap shot by Daniel Carcillo.
16:51 of 2nd period - Shot Misses the Net.
16:57 of 2nd period - Wrist shot by Steve Bernier.
16:57 of 2nd period - Shot Misses the Net.
16:59 of 2nd period - Slapshot by Jeff Schultz.
16:59 of 2nd period - Stopped by Rick DiPietro without a rebound.
17:00 of 2nd period - Marc Savard wins face-off versus Scott Gomez in Blue Jackets zone.
18:29 of 2nd period - Slapshot by Oleg Kvasha.
18:29 of 2nd period - Stopped by Rick DiPietro with a rebound.
18:31 of 2nd period - Minor Penalty to Jason Ward for Tripping.
18:32 of 2nd period - Marc Savard wins face-off versus Robert Nilsson in Blue Jackets zone.
Goals for this period are 0 for Blackhawks vs 2 for Blue Jackets.
Shots for this period are 14 for Blackhawks vs 5 for Blue Jackets.
3rd period
0:01 of 3rd period - Robert Nilsson wins face-off versus Marc Savard in neutral zone.
0:27 of 3rd period - Johnny Oduya is hit by Jan Bulis and loses puck.
0:31 of 3rd period - Penalty to Jason Ward is over, Jason Ward is back on ice.
0:42 of 3rd period - Snap shot by Jan Bulis.
0:42 of 3rd period - Shot Blocked by Jamie Langenbrunner.
1:31 of 3rd period - Wrist shot by Kris Versteeg.
1:31 of 3rd period - Shot Misses the Net.
1:45 of 3rd period - Marc Savard is hit by Johnny Oduya and loses puck.
1:54 of 3rd period - Chris Higgins is hit by Marc Savard and loses puck.
2:05 of 3rd period - Snap shot by Patric Hornqvist.
2:05 of 3rd period - Goal by Patric Hornqvist - Blackhawks : 1 - Blue Jackets : 4.
2:05 of 3rd period - Jocelyn Thibault enters game.
2:06 of 3rd period - Robert Nilsson wins face-off versus Dave Steckel in neutral zone.
2:19 of 3rd period - Backhand shot by Branislav Mezei.
2:19 of 3rd period - Stopped by Jocelyn Thibault without a rebound.
2:20 of 3rd period - Robert Nilsson wins face-off versus Marc Savard in Blackhawks zone.
2:20 of 3rd period - Robert Nilsson is hit by David Booth.
2:51 of 3rd period - Steve McCarthy is hit by Chris Kelly and loses puck.
3:08 of 3rd period - Icing by Adam Deadmarsh.
3:09 of 3rd period - Jan Bulis wins face-off versus Dominic Moore in Blue Jackets zone.
3:14 of 3rd period - Slapshot by Chris Higgins.
3:14 of 3rd period - Shot Blocked by Kevin Bieksa.
3:30 of 3rd period - Slapshot by Ramzi Abid.
3:30 of 3rd period - Stopped by Jocelyn Thibault without a rebound.
3:31 of 3rd period - Robert Nilsson wins face-off versus Marc Savard in Blackhawks zone.
3:31 of 3rd period - Jeff Schultz is hit by Marc Savard and loses puck.
3:57 of 3rd period - Kris Versteeg is hit by Adam Deadmarsh and loses puck.
4:06 of 3rd period - Snap shot by Kris Versteeg.
4:06 of 3rd period - Stopped by Rick DiPietro without a rebound.
4:07 of 3rd period - Marc Savard wins face-off versus George Parros in Blue Jackets zone.
4:14 of 3rd period - Snap shot by David Booth.
4:14 of 3rd period - Stopped by Jocelyn Thibault with a rebound.
4:16 of 3rd period - Snap shot by Brad Stuart.
4:16 of 3rd period - Stopped by Jocelyn Thibault with a rebound.
4:18 of 3rd period - Slapshot by Patric Hornqvist.
4:18 of 3rd period - Shot Misses the Net.
4:20 of 3rd period - Backhand shot by Patric Hornqvist.
4:20 of 3rd period - Shot Misses the Net.
4:22 of 3rd period - Slapshot by Brad Stuart.
4:22 of 3rd period - Stopped by Jocelyn Thibault with a rebound.
4:37 of 3rd period - Wrist shot by Marcus Nilson.
4:37 of 3rd period - Stopped by Jocelyn Thibault without a rebound.
4:38 of 3rd period - Robert Nilsson wins face-off versus Patric Hornqvist in Blackhawks zone.
5:10 of 3rd period - Slapshot by Steve McCarthy.
5:10 of 3rd period - Shot Misses the Net.
5:29 of 3rd period - Off-side.
5:30 of 3rd period - Chris Kelly wins face-off versus Dominic Moore in neutral zone.
5:35 of 3rd period - Snap shot by Marcus Nilson.
5:35 of 3rd period - Shot Misses the Net.
5:37 of 3rd period - Minor Penalty to Sheldon Keefe for Holding.
5:38 of 3rd period - Marc Savard wins face-off versus Dominic Moore in Blackhawks zone.
5:45 of 3rd period - Backhand shot by Marc Savard.
5:45 of 3rd period - Stopped by Jocelyn Thibault with a rebound.
5:47 of 3rd period - Snap shot by Marc Savard.
5:47 of 3rd period - Shot Misses the Net.
5:49 of 3rd period - Slapshot by Branislav Mezei.
5:49 of 3rd period - Shot Misses the Net.
5:51 of 3rd period - Slapshot by Wade Redden.
5:51 of 3rd period - Shot Misses the Net.
5:53 of 3rd period - Wrist shot by Patric Hornqvist.
5:53 of 3rd period - Stopped by Jocelyn Thibault with a rebound.
7:37 of 3rd period - Penalty to Sheldon Keefe is over, Sheldon Keefe is back on ice.
7:43 of 3rd period - Snap shot by Marcus Nilson.
7:43 of 3rd period - Deflect By Chris Kelly.
7:43 of 3rd period - Stopped by Jocelyn Thibault without a rebound.
7:44 of 3rd period - Chris Kelly wins face-off versus Scott Gomez in Blackhawks zone.
7:57 of 3rd period - Wrist shot by Jason Ward.
7:57 of 3rd period - Stopped by Jocelyn Thibault without a rebound.
7:58 of 3rd period - Scott Gomez wins face-off versus Chris Kelly in Blackhawks zone.
7:58 of 3rd period - Scott Gomez is hit by Marcus Nilson.
8:05 of 3rd period - Minor Penalty to Marcus Nilson for Hooking.
8:06 of 3rd period - Marc Savard wins face-off versus Robert Nilsson in Blue Jackets zone.
8:32 of 3rd period - Branislav Mezei is hit by Jamie Langenbrunner and loses puck.
10:05 of 3rd period - Penalty to Marcus Nilson is over, Marcus Nilson is back on ice.
10:08 of 3rd period - Snap shot by Daniel Carcillo.
10:08 of 3rd period - Deflect By Oleg Kvasha.
10:08 of 3rd period - Stopped by Rick DiPietro with a rebound.
10:10 of 3rd period - Wrist shot by Oleg Kvasha.
10:10 of 3rd period - Stopped by Rick DiPietro without a rebound.
10:11 of 3rd period - Oleg Kvasha wins face-off versus Jan Bulis in Blue Jackets zone.
10:24 of 3rd period - Snap shot by Jan Bulis.
10:24 of 3rd period - Stopped by Jocelyn Thibault with a rebound.
10:26 of 3rd period - Slapshot by Ramzi Abid.
10:26 of 3rd period - Shot Blocked by Jeff Schultz.
10:36 of 3rd period - Chris Higgins is hit by Jeff Taffe.
10:49 of 3rd period - Minor Penalty to George Parros for Boarding.
10:50 of 3rd period - Dominic Moore wins face-off versus Marc Savard in Blackhawks zone.
11:02 of 3rd period - Snap shot by Marc Savard.
11:02 of 3rd period - Shot Misses the Net.
11:04 of 3rd period - Snap shot by Patric Hornqvist.
11:04 of 3rd period - Shot Misses the Net.
11:06 of 3rd period - Snap shot by Branislav Mezei.
11:06 of 3rd period - Shot Misses the Net.
11:16 of 3rd period - Wrist shot by Ramzi Abid.
11:16 of 3rd period - Shot Misses the Net.
11:18 of 3rd period - Snap shot by François Beauchemin.
11:18 of 3rd period - Stopped by Jocelyn Thibault without a rebound.
11:19 of 3rd period - Jan Bulis wins face-off versus Dominic Moore in Blackhawks zone.
11:20 of 3rd period - Wrist shot by Adam Deadmarsh.
11:20 of 3rd period - Shot Misses the Net.
11:22 of 3rd period - Snap shot by Kevin Bieksa.
11:22 of 3rd period - Goal by Kevin Bieksa - Blackhawks : 1 - Blue Jackets : 5.
11:23 of 3rd period - Marc Savard wins face-off versus Jamie Langenbrunner in neutral zone.
11:40 of 3rd period - Wrist shot by Robert Nilsson.
11:40 of 3rd period - Shot Misses the Net.
11:55 of 3rd period - Slapshot by Johnny Oduya.
11:55 of 3rd period - Deflect By David Booth.
11:55 of 3rd period - Stopped by Rick DiPietro without a rebound.
11:56 of 3rd period - Chris Kelly wins face-off versus Dominic Moore in Blue Jackets zone.
11:56 of 3rd period - Chris Kelly is hit by Chris Higgins.
12:28 of 3rd period - Wrist shot by Sheldon Keefe.
12:28 of 3rd period - Shot Misses the Net.
12:30 of 3rd period - Slapshot by John Carlson.
12:30 of 3rd period - Shot Blocked by Ramzi Abid.
12:32 of 3rd period - Snap shot by Niclas Wallin.
12:32 of 3rd period - Deflect By Chris Higgins.
12:32 of 3rd period - Stopped by Rick DiPietro with a rebound.
12:38 of 3rd period - Slapshot by Chris Higgins.
12:38 of 3rd period - Stopped by Rick DiPietro with a rebound.
12:40 of 3rd period - Backhand shot by Dominic Moore.
12:40 of 3rd period - Stopped by Rick DiPietro without a rebound.
12:41 of 3rd period - Robert Nilsson wins face-off versus Marc Savard in Blue Jackets zone.
13:04 of 3rd period - Minor Penalty to Branislav Mezei for Interference.
13:05 of 3rd period - Marc Savard wins face-off versus Robert Nilsson in Blue Jackets zone.
13:19 of 3rd period - Off-side.
13:20 of 3rd period - Robert Nilsson wins face-off versus Marc Savard in neutral zone.
15:04 of 3rd period - Penalty to Branislav Mezei is over, Branislav Mezei is back on ice.
15:05 of 3rd period - Chris Higgins is hit by Branislav Mezei and loses puck.
15:34 of 3rd period - Oleg Kvasha is hit by Wade Redden and loses puck.
16:27 of 3rd period - Branislav Mezei is hit by Jeff Schultz and loses puck.
16:51 of 3rd period - Snap shot by Ramzi Abid.
16:51 of 3rd period - Shot Misses the Net.
17:40 of 3rd period - Ramzi Abid is hit by Chris Higgins and loses puck.
18:12 of 3rd period - Branislav Mezei is hit by Steve Bernier and loses puck.
18:45 of 3rd period - Slapshot by Robert Nilsson.
18:45 of 3rd period - Shot Blocked by François Beauchemin.
18:53 of 3rd period - Wrist shot by Dave Steckel.
18:53 of 3rd period - Stopped by Jocelyn Thibault without a rebound.
18:54 of 3rd period - Chris Kelly wins face-off versus Dominic Moore in Blackhawks zone.
19:19 of 3rd period - Patric Hornqvist is hit by Steve McCarthy and loses puck.
19:44 of 3rd period - Slapshot by Ramzi Abid.
19:44 of 3rd period - Stopped by Jocelyn Thibault without a rebound.
19:45 of 3rd period - Scott Gomez wins face-off versus Jan Bulis in Blackhawks zone.
19:50 of 3rd period - Slapshot by Johnny Oduya.
19:50 of 3rd period - Stopped by Rick DiPietro with a rebound.
Goals for this period are 0 for Blackhawks vs 2 for Blue Jackets.
Shots for this period are 8 for Blackhawks vs 16 for Blue Jackets.
Output by the SimonT Hockey Simulator (STHS) for François Prévost -- Original Page W3C XHTML 1.0 Valid